 Dungeon Crawl Stone Soup version 0.27-a0-869-g165b36e3f0 (webtiles) character file.

Game seed: 12790850616233657711

319 sizableburger the Grave Robber (level 6, 0/34 HPs)
             Began as a Deep Elf Necromancer on Apr 3, 2021.
             Was an Initiate of Ashenzari.
             Slain by Edmund
             ... wielding a +1 flail of holy wrath
              (5 damage)
             ... on level 4 of the Dungeon.
             The game lasted 00:17:06 (5309 turns).

sizableburger the Grave Robber (DENe)               Turns: 5309, Time: 00:17:06

Health: 0/34       AC:  4    Str:  5    XL:     6   Next: 21%
Magic:  0/14       EV: 14    Int: 22    God:    Ashenzari [......]
Gold:   74         SH:  0    Dex: 15    Spells: 4/13 levels left

rFire    . . .     SeeInvis .   f - +1 dagger (venom)
rCold    + . .     Faith    .   (no shield)
rNeg     . . .     Spirit   .   a - +0 robe
rPois    .         Reflect  .   (no helmet)
rElec    .         Harm     .   d - +1 cloak
rCorr    .         Rampage  .   (no gloves)
Will     .....                  (no boots)
Stlth    ++........             (no amulet)
HPRegen  0.11/turn              e - ring "Sophism of Ashenzari" {rC+, Cun, Range} (curse)
MPRegen  0.14/turn              (no ring)

@: berserk cooldown, slowed, very slow
A: no striking features
a: Renounce Religion, Shatter the Chains


You were on level 4 of the Dungeon.
You worshipped Ashenzari.
Ashenzari was noncommittal.
You visited 1 branch of the dungeon, and saw 4 of its levels.

You collected 74 gold pieces.

Inventory:

Hand Weapons
 f - a +1 dagger of venom (weapon)
Armour
 a - a +0 robe (worn)
 d - a +1 cloak (worn)
Jewellery
 c - a ring of ice
 e - the cursed ring "Sophism of Ashenzari" (left hand) {rC+, Cun, Range}
   (You found it on level 1 of the Dungeon)

   [ring of protection from cold]

   It protects you from cold.
   It has a curse which improves the following skills: Cunning: Dodging and
   Stealth.
   Ranged Combat: Slings, Bows, Crossbows and Throwing.
Scrolls
 b - a scroll of magic mapping
Potions
 i - 2 potions of might


   Skills:
 - Level 1.5 Fighting
 + Level 1.3 Short Blades
 - Level 4.3(4.8) Dodging
 - Level 2.4(2.9) Stealth
 - Level 4.0 Spellcasting
 + Level 1.7 Conjurations
 + Level 2.1 Summonings
 - Level 5.6 Necromancy
 + Level 1.7 Translocations


You had 4 spell levels left.
You knew the following spells:

 Your Spells              Type           Power      Damage    Failure   Level
a - Pain                  Necr           100%       1d9       1%          1
b - Vampiric Draining     Necr           14%        2d8       3%          3
c - Call Imp              Summ           13%        N/A       7%          2
d - Magic Dart            Conj           48%        1d5       5%          1
e - Blink                 Tloc           N/A        N/A       9%          2

Your spell library contained the following spells:

 Spells                   Type           Power      Damage    Failure   Level
 Animate Skeleton         Necr           58%        N/A       1%          1
 Animate Dead             Necr           14%        N/A       11%         4
 Slow                     Hex            4%         N/A       17%         2
 Conjure Flame            Conj/Fire      8%         6-21      24%         3
 Mephitic Cloud           Conj/Pois/Air  6%         N/A       26%         3
 Agony                    Necr           29%        N/A       30%         5


Dungeon Overview and Level Annotations

Branches:
Dungeon (4/15)
 Temple: D:4-7

Altars:
Ashenzari

Annotations:
D:4 Edmund, Pikel


Message History

You kill the gnoll!
The lemure misses you.
Things that are here:
a +2 spear; a scroll of enchant weapon; a gnoll corpse You are too berserk!
You are too berserk!
You hit the lemure.
The lemure is moderately wounded.
The lemure hits you.
* * * LOW HITPOINT WARNING * * *
The lemure hits you.
* * * LOW HITPOINT WARNING * * *
Pikel completely misses your crimson imp.
You feel a strong urge to attack something.
You are too berserk!
Okay, then.
You are no longer berserk.
You are exhausted.
You feel yourself slow down.
Okay, then.
Okay, then.
Casting: Pain (safe; 1% risk of failure)
Confirm with . or Enter, or press ? or * to list all spells.
You miscast Blink.
You are very lightly contaminated with residual magic.
Nothing appears to happen.
The lemure barely misses you.
Okay, then.
The lemure hits you.
* * * LOW HITPOINT WARNING * * *
Edmund shouts!
The lemure barely misses you.
Your magical contamination has completely faded away.
The lemure closely misses you. The lemure hits you but does no damage.
Casting: Blink (safe; 9% risk of failure)
Confirm with . or Enter, or press ? or * to list all spells.
You blink.
Edmund clears his throat.
Edmund hits you with a +1 flail of holy wrath.
You die...

#...# #.###.####...#.......
#....####.....#####.###......
###.....#...........##.......
#.......#.........$..####....
##.............5.#.### #?###
###......O.####..##..# ..#
.........####.55..##... ..#
.>.....#<.# #@#..## .... #.
...........# #@#..# #...#
...###.........#..# ..... ...
#####.......[# .....
#....##..## ##.......#
##....### #....# ##


You could see Edmund and 2 lemures.

Vanquished Creatures
  A hound (D:3)
  An orc priest (D:3)
  An iguana (D:4)
  A gnoll (D:4)
  4 adders
  4 orcs (D:3)
  2 ball pythons
  4 bats
  8 endoplasms
  8 goblins
  5 hobgoblins
  18 jackals
  2 kobolds (D:1)
  3 quokkas
  A frilled lizard (D:1)
  7 rats
70 creatures vanquished.

Vanquished Creatures (collateral kills)
  Sigmund (D:3)
  A lemure (D:3)
  An orc priest (D:3)
  A gnoll (D:3)
  An adder (D:4)
  A jackal (D:3)
6 creatures vanquished.

Grand Total: 76 creatures vanquished

Notes
Turn   | Place    | Note
-------+----------+-------------------------------------------
     0 | D:1      | sizableburger the Deep Elf Necromancer began the quest for
                  | the Orb.
     0 | D:1      | Reached XP level 1. HP: 10/10 MP: 6/6
   223 | D:1      | Reached skill level 5 in Necromancy
   375 | D:1      | Reached XP level 2. HP: 6/15 MP: 4/8
   832 | D:1      | Found a faded altar of an unknown god.
   839 | D:1      | Became a worshipper of Ashenzari the Shackled
  1288 | D:1      | Reached XP level 3. HP: 18/19 MP: 8/10
  1509 | D:1      | Learned a level 3 spell: Vampiric Draining
  2516 | D:2      | Reached XP level 4. HP: 19/24 MP: 8/12
  2778 | D:2      | Learned a level 2 spell: Call Imp
  3591 | D:3      | Reached skill level 1 in Fighting
  3591 | D:3      | Reached skill level 1 in Summonings
  3600 | D:3      | Reached * piety under Ashenzari
  3683 | D:3      | Reached skill level 1 in Short Blades
  3685 | D:3      | Learned a level 1 spell: Magic Dart
  3688 | D:3      | Learned a level 2 spell: Blink
  3720 | D:3      | Reached XP level 5. HP: 22/30 MP: 2/14
  4075 | D:3      | Noticed Sigmund
  4114 | D:3      | Killed Sigmund
  4115 | D:3      | Reached skill level 1 in Conjurations
  4115 | D:3      | Reached skill level 1 in Translocations
  4815 | D:4      | Noticed Pikel
  4815 | D:4      | Noticed a lemure
  4815 | D:4      | Noticed a lemure
  4815 | D:4      | Noticed a lemure
  4815 | D:4      | Noticed an ogre
  4830 | D:3      | Killed a lemure
  4855 | D:4      | Noticed an ogre
  4856 | D:4      | Noticed an ogre
  4872 | D:4      | Noticed Edmund
  4895 | D:3      | Reached XP level 6. HP: 21/34 MP: 3/14
  5309 | D:4      | Slain by Edmund

Illustrated notes

Levels and vault maps discovered:
D:1:      dpeg_arrival_radiant, layout_basic, basic_ecumenical_altar,
          minmay_misc_feat_room, corner_web_ring, feat_on_display
D:2:      layout_basic
D:3:      layout_rooms, uniq_sigmund
D:4:      layout_cave_pools, uniq_pikel, uniq_edmund

Skill      XL: |  1  2  3  4  5  6 |
---------------+-------------------+-----
Necromancy     | 5 |  5.6
Dodging        | 3 4 |  4.3
Spellcasting   | 4 |  4.0
Fighting       | 1 |  1.5
Summonings     | 1 2 |  2.1
Short Blades   | 1 |  1.3
Conjurations   | 1 |  1.7
Translocations | 1 |  1.7
Stealth        | |  2.4

Action                   |  1- 3 |  4- 6 || total
-------------------------+-------+-------++-------
Melee: Dagger            |    16 |    28 ||    44
 Cast: Pain              |    67 |    41 ||   108
       Vampiric Draining |     1 |    12 ||    13
       Blink             |       |     4 ||     4
       Call Imp          |       |    18 ||    18
Invok: Curse Item        |     1 |     1 ||     2
       Shatter the Chain |       |     1 ||     1
  Use: Potion            |       |     3 ||     3
       Scroll            |       |     2 ||     2
 Stab: Sleeping          |     1 |     2 ||     3
Armor: Robe              |    10 |    15 ||    25
Dodge: Dodged            |    38 |    86 ||   124

Table legend: (Time is in decaauts)
 A = Elapsed time spent in this place.
 B = Non-inter-level travel time spent in this place.
 C = Inter-level travel time spent in this place.
 D = Time resting spent in this place.
 E = Time spent auto-exploring this place.
 F = Levels seen in this place.
 G = Mean time per level.
                   A        B        C        D        E       F      G
               +--------+--------+--------+--------+--------+-----+--------+
         Total |   5313 |   4852 |    461 |   2168 |   2038 |   4 | 1328.2 |
       Dungeon |   5313 |   4852 |    461 |   2168 |   2038 |   4 | 1328.2 |
               +--------+--------+--------+--------+--------+-----+--------+

Top non-repeatable levels by time:
     D:1: 2280 daAuts
     D:3: 1817 daAuts
     D:2: 1105 daAuts
     D:4: 111 daAuts
